 Dungeon Crawl Stone Soup version 0.23-a0-436-g57debff (webtiles) character file.

503 XanderDroid the Cudgeler (level 7, -10/44 HPs)
             Began as a Gargoyle Fighter on Nov 16, 2018.
             Mangled by an ogre
             ... wielding a +0 giant club
              (21 damage)
             ... on level 4 of the Dungeon.
             The game lasted 00:12:05 (2999 turns).

XanderDroid the Cudgeler (Gargoyle Fighter)         Turns: 2999, Time: 00:12:06

Health: -10/44     AC: 19    Str: 20    XL:     7   Next: 17%
Magic:  7/7        EV:  4    Int:  9    God:
Gold:   206        SH:  9    Dex: 10    Spells: 6/6 levels left

rFire    . . .     SeeInvis .   a - +1 flail
rCold    . . .     Gourm    .   c - +0 shield
rNeg     + . .     Faith    .   x - +0 plate armour
rPois    ∞         Spirit   .   i - +0 helmet
rElec    +         Reflect  .   (no cloak)
rCorr    .         Harm     .   l - +0 pair of gloves
MR       +....                  (no boots)
Stlth    ..........             (no amulet)
HPRegen  0.14/turn              g - ring of protection from magic
MPRegen  0.10/turn              (no ring)

@: no status effects
A: negative energy resistance 1, electricity resistance, unbreathing,
petrification resistance, rot immunity, AC +4
a: no special abilities


You were on level 4 of the Dungeon.
You were not hungry.

You visited 1 branch of the dungeon, and saw 4 of its levels.

You collected 206 gold pieces.

Inventory:

Hand Weapons
 a - a +1 flail (weapon)
Missiles
 p - 19 bolts
 v - a throwing net (quivered)
Armour
 c - a +0 shield (worn)
 i - a +0 helmet (worn)
 l - a +0 pair of gloves (worn)
 x - a +0 plate armour (worn)
Jewellery
 g - a ring of protection from magic (left hand)
Wands
 q - a wand of acid (9)
Scrolls
 b - a scroll of remove curse
 e - a scroll of blinking
 j - 2 scrolls of teleportation
 n - a scroll of noise {unknown}
 s - 2 scrolls of enchant weapon
 t - a scroll of magic mapping {unknown}
Potions
 d - 2 potions of might
 h - a potion of mutation
 k - 2 potions of ambrosia
 m - a potion of lignification {unknown}
 o - a potion of resistance {unknown}
 u - a potion of heal wounds
Comestibles
 f - 7 rations
 r - 2 chunks of flesh


   Skills:
 + Level 4.8 Fighting
 * Level 5.0 Maces & Flails
 + Level 4.8 Armour
 + Level 4.8 Shields


You had 6 spell levels left.
You didn't know any spells.
Your spell library was empty.

Dungeon Overview and Level Annotations

Branches:
Dungeon (4/15)
 Temple: D:4-7

Altars:
Dithmenos
Trog


Innate Abilities, Weirdness & Mutations

You are resistant to torment.
Your stone body is resilient. (AC +4)
You are immune to poison.
You resist negative energy. (rN+)
You are resistant to electric shocks. (rElec)
You can survive without breathing.
You are immune to petrification.
You are immune to rotting.


Message History

The scorpion is almost dead.
You block the scorpion's attack.
You closely miss the scorpion.
The scorpion is almost dead.
You block the scorpion's attack.
Your plate armour prevents you from hitting the scorpion.
The scorpion is almost dead.
The scorpion stings you.
You hit the scorpion.
You kill the scorpion!
Your Maces & Flails skill increases to level 5!
You sock the ogre!
The ogre is moderately wounded.
The ogre hits you with a +0 giant club!!
Ouch! That really hurt!
* * * LOW HITPOINT WARNING * * *
You closely miss the ogre.
The ogre is moderately wounded.
The ogre hits you with a +0 giant club!!
You die...

#.....##.#.###.
##.............
#..........##.
#..........##.
#............. #####
#..........### ...#
#..........#
##.########..........#
##.....O@.............#
#.....#####.........(.#
#.........?##.)######...#
.....#........##..# ..#
..%#.......#####..# # ##
......#.# #..#
#......................
#......##.##.##........
#!.....# .## #........


You could see an ogre.

Vanquished Creatures
  Grinder (D:3)
  Blork the orc (D:4)
  A scorpion (D:4)
  An orc priest (D:4)
  An orc wizard (D:4)
  Robin (D:3)
  5 adders
  An ooze (D:2)
  An adder skeleton (D:4)
  2 worms (D:2)
  2 dart slugs
  2 leopard geckos
  3 orcs (D:4)
  13 goblins
  7 hobgoblins
  3 jackals (D:2)
  10 kobolds
  A ball python (D:3)
  4 bats
  2 frilled lizards
  5 rats
67 creatures vanquished.

Notes
Turn   | Place    | Note
-------+----------+-------------------------------------------
     0 | D:1      | XanderDroid the Gargoyle Fighter began the quest for the
                  | Orb.
     0 | D:1      | Reached XP level 1. HP: 14/14 MP: 1/1
   182 | D:1      | Reached XP level 2. HP: 18/19 MP: 2/2
   879 | D:2      | Reached XP level 3. HP: 17/23 MP: 3/3
  1237 | D:2      | Reached skill level 3 in Maces & Flails
  1237 | D:2      | Reached XP level 4. HP: 27/29 MP: 4/4
  1316 | D:2      | Found a bloodstained altar of Trog.
  1811 | D:3      | Noticed Grinder
  1814 | D:3      | Paralysed by Grinder for 6 turns
  1822 | D:3      | Paralysed by Grinder for 7 turns
  1839 | D:3      | Paralysed by Grinder for 5 turns
  1848 | D:3      | Killed Grinder
  1848 | D:3      | Reached skill level 4 in Maces & Flails
  1848 | D:3      | Reached XP level 5. HP: 15/34 MP: 5/5
  1848 | D:3      | Reached XP level 6. HP: 17/39 MP: 6/6
  1968 | D:3      | Noticed Robin
  1980 | D:3      | Killed Robin
  2946 | D:4      | Noticed Blork the orc
  2947 | D:4      | Found a shadowy altar of Dithmenos.
  2964 | D:4      | Killed Blork the orc
  2964 | D:4      | Reached XP level 7. HP: 39/44 MP: 7/7
  2997 | D:4      | Reached skill level 5 in Maces & Flails
  2999 | D:4      | Mangled by an ogre

Vault maps used:
D:1:      sevenhm_arrival_forest_fort_small_6
D:2:      trog_hazing_becter
D:3:      first_ration, serial_corexii_hall, corexii_hall_statues_deadend,
          chequers_hall_statues_y, uniq_robin, uniq_grinder
D:4:      grunt_dithmenos_smoke, kennysheep_mini, serial_shops,
          nicolae_shop_trees, uniq_blork_the_orc

Skill      XL: |  1  2  3  4  5  6  7 |
---------------+----------------------+-----
Maces & Flails | 3 4 5 |  5.0
Fighting       | 4 |  4.8
Armour         | 4 |  4.8
Shields        | 4 |  4.8

Action                   |  1- 3 |  4- 6 |  7- 9 || total
-------------------------+-------+-------+-------++-------
Melee: Flail             |   119 |   167 |    14 ||   300
  Use: Scroll            |       |    11 |       ||    11
  Eat: Chunk             |     1 |     4 |       ||     5
       Ration            |       |     1 |       ||     1
Armor: Scale mail        |    87 |    19 |       ||   106
       Plate armour      |       |   103 |     5 ||   108
Dodge: Dodged            |    55 |    27 |       ||    82
Block: Shield            |    82 |    95 |     5 ||   182

Table legend:
 A = Non-vault XP
 B = Vault XP
 C = Vault XP percentage of total XP
 D = Non-vault monster count
 E = Vault monster count
 F = Vault count percentage of total count
                 A         B        C        D         E       F
            +---------+---------+-------+---------+---------+-------
      Total |     304 |     415 |  57.7 |      47 |      20 |  29.9
            +---------+---------+-------+---------+---------+-------
        D:1 |      22 |       0 |   0.0 |      13 |       0 |   0.0
        D:2 |      88 |      10 |  10.2 |      17 |       6 |  26.1
        D:3 |       9 |     314 |  97.2 |       8 |      13 |  61.9
        D:4 |     185 |      91 |  33.0 |       9 |       1 |  10.0
            +---------+---------+-------+---------+---------+-------
